 Dungeon Crawl Stone Soup version 0.20.0-15-g7f486f2 (webtiles) character file.

518 Peloso the Slasher (level 7, -4/60 HPs)
             Began as a Minotaur Fighter on July 2, 2017.
             Slain by an orc warrior
             ... wielding a +0 long sword
              (7 damage)
             ... on level 5 of the Dungeon.
             The game lasted 00:08:02 (3544 turns).

Peloso the Slasher (Minotaur Fighter)               Turns: 3544, Time: 00:08:03

Health: -4/60      AC: 12    Str: 21    XL:     7   Next: 1%
Magic:  15/15      EV:  4    Int:  5    God:
Gold:   60         SH: 10    Dex: 11    Spells: 6/6 levels left

rFire    . . .     SeeInvis .   y - +0 long sword (holy)
rCold    . . .     Gourm    .   c - +0 shield
rNeg     . . .     Faith    .   w - +0 plate armour
rPois    .         Spirit   .   (helmet restricted)
rElec    .         Reflect  .   (no cloak)
rCorr    .         Harm     .   (no gloves)
MR       .....                  (no boots)
Stlth    ..........             (no amulet)
Regen    0.2/turn               b - ring of magical power
MPRegen  0.2/turn               (no ring)

@: no status effects
A: retaliatory headbutt, horns 2
a: no special abilities


You were on level 5 of the Dungeon.
You were hungry.

You visited 1 branch of the dungeon, and saw 5 of its levels.

You collected 196 gold pieces.
You spent 136 gold pieces at shops.

Inventory:

Hand Weapons
 y - a +0 long sword of holy wrath (weapon)
Armour
 c - a +0 shield (worn)
 w - a +0 plate armour (worn)
Jewellery
 b - a ring of magical power (left hand)
Scrolls
 a - a scroll of immolation {unknown}
 i - a scroll of magic mapping {unknown}
 j - 3 scrolls of remove curse {unknown}
 m - 3 scrolls of enchant weapon {unknown}
 o - a scroll of noise {unknown}
 p - a scroll of amnesia {unknown}
 r - a scroll of recharging {unknown}
 v - a scroll of fear {unknown}
 x - a scroll of identify {unknown}
Potions
 d - 3 potions of might
 e - a potion of ambrosia {unknown}
 k - a potion of heal wounds {unknown}
 l - 2 potions of flight {unknown}
 n - a potion of agility {unknown}
 q - a potion of brilliance {unknown}
 t - a potion of cancellation {unknown}
 u - 2 potions of curing {unknown}
 A - a potion of lignification {unknown}
Books
 s - a book of Cantrips

   Spells                             Type                      Level
   a - Confusing Touch                Hexes                        1
   b - Animate Skeleton               Necromancy                   1
   c - Summon Small Mammal            Summoning                    1
   d - Apportation                    Translocation                1
Comestibles
 f - 7 bread rations
 g - 2 fruits
 h - 2 meat rations
 z - a royal jelly


   Skills:
 + Level 4.7 Fighting
 + Level 5.9 Long Blades
 + Level 5.2 Armour
 + Level 1.0 Dodging
 + Level 1.0 Stealth
 + Level 5.6 Shields


You had 6 spell levels left.
You didn't know any spells.

Dungeon Overview and Level Annotations

Branches:
Dungeon (5/15)
 Temple: D:4-7

Altars:
Dithmenos
Sif Muna

Shops:
D:5 (


Innate Abilities, Weirdness & Mutations

You reflexively headbutt those who attack you in melee.
You have a pair of horns on your head.


Message History

You closely miss the orc warrior. You closely miss the orc warrior.
You block the orc warrior's attack.
Your shield and plate armour prevent you from hitting the orc warrior.
You block the orc warrior's attack.
You closely miss the orc warrior.
The orc warrior hits you with a long sword.
You hit the orc warrior but do no damage.
The orc warrior hits you with a long sword.
You closely miss the orc warrior.
The orc warrior hits you with a long sword!
You closely miss the orc warrior. Your headbutt misses the orc warrior.
The orc warrior hits you with a long sword!
* * * LOW HITPOINT WARNING * * *
You barely miss the orc warrior.
The orc warrior hits you with a long sword!
* * * LOW HITPOINT WARNING * * *
You hit the orc warrior but do no damage.
You headbutt the orc warrior, but do no damage.
The orc warrior hits you with a long sword!
You die...

####.# #.......#
.....####.......#
##..............#
#......##.......#
..#...###.......###
.....##
#.......#.## ####.#
####.###.#.## #.#
#...o###.# #'#
#####@#.## ...
##.## ####.#
##.##.#
...####...#.#
...'........#
...####...#.#
##.##.# ####.#


You could see an orc warrior.

Vanquished Creatures
  Eustachio (D:5)
  A howler monkey (D:5)
  An orc priest (D:3)
  A centaur skeleton (D:5)
  2 hounds
  An iguana (D:5)
  An orc wizard (D:3)
  A hound skeleton (D:3)
  7 adders
  A howler monkey skeleton (D:5)
  2 worms
  3 dart slugs
  2 leopard geckos (D:1)
  5 orcs
  A ball python (D:2)
  8 bats
  2 giant cockroaches
  5 goblins
  9 hobgoblins
  7 jackals
  3 quokkas
  2 frilled lizards
  5 kobolds
  A leopard gecko skeleton (D:5)
  A leopard gecko zombie (D:5)
  7 rats
80 creatures vanquished.

Notes
Turn   | Place    | Note
-------+----------+-------------------------------------------
     0 | D:1      | Peloso the Minotaur Fighter began the quest for the Orb.
     0 | D:1      | Reached XP level 1. HP: 19/19 MP: 0/0
    60 | D:1      | Reached XP level 2. HP: 26/27 MP: 1/1
   428 | D:2      | Reached XP level 3. HP: 32/33 MP: 2/2
   633 | D:2      | Found a faded altar of an unknown god.
   839 | D:2      | Reached XP level 4. HP: 40/40 MP: 3/3
   984 | D:3      | Found a deep blue altar of Sif Muna.
  1064 | D:3      | Reached skill level 5 in Shields
  1064 | D:3      | Reached XP level 5. HP: 8/46 MP: 4/4
  1097 | D:3      | Found a shadowy altar of Dithmenos.
  1489 | D:3      | Reached skill level 1 in Dodging
  2534 | D:5      | Entered Level 5 of the Dungeon
  2627 | D:5      | Reached skill level 1 in Stealth
  2627 | D:5      | Reached XP level 6. HP: 49/52 MP: 5/5
  2667 | D:5      | Noticed Eustachio
  2689 | D:5      | Killed Eustachio
  2689 | D:5      | Reached skill level 5 in Long Blades
  2689 | D:5      | Reached skill level 5 in Armour
  2928 | D:5      | Found Miclef's Antique Weapon Shop.
  2933 | D:5      | Bought a glowing long sword for 136 gold pieces
  3119 | D:5      | Reached XP level 7. HP: 44/60 MP: 6/6
  3245 | D:5      | HP: 2/60 [orc warrior/long sword (11)]
  3543 | D:5      | HP: 3/60 [orc warrior/long sword (8)]
  3544 | D:5      | Slain by an orc warrior

Skill      XL: |  1  2  3  4  5  6 |
---------------+-------------------+-----
Shields        | 4 5 |  5.6
Fighting       | 4 |  4.7
Armour         | 4 5 |  5.2
Long Blades    | 3 4 5 |  5.9
Dodging        | 1 |  1.0
Stealth        | 1 |  1.0

Action                   |  1- 3 |  4- 6 |  7- 9 || total
-------------------------+-------+-------+-------++-------
Melee: Long sword        |    79 |   126 |    17 ||   222
       Headbutt          |     8 |    22 |     3 ||    33
  Eat: Chunk             |       |     7 |     1 ||     8
Armor: Scale mail        |    57 |    21 |       ||    78
       Chain mail        |       |     5 |       ||     5
       Plate armour      |       |    27 |     1 ||    28
Dodge: Dodged            |    29 |    25 |     1 ||    55
Block: Shield            |    52 |    62 |     5 ||   119
       Rpst.: Long sword |     8 |     2 |     1 ||    11
